AoeStats
← fat_dgk

Arabia

507745533Analyzed
4v4 RM · 13d ago on Sep 19, 2026· 55m 58s· 8 players
Game mode
Random Map
Map size
Large (8 player)
Population
200
Speed
Normal
Resources
Standard
Victory
Conquest
Starting age
Dark Age
Ending age
Imperial Age
RankedLock teamsTeams togetherTeam positionsShared explorationLock speedFull tech treeHidden civsTurbo modeCheats
Victory
Defeat
🇺🇸 Magyars · United States
1342
+14
🇭🇰 Ethiopians · Hong Kong SAR China
1307
+15
🇨🇳 Persians · China
1305
+15
🇵🇪 Vietnamese · Peru
1292
+16
🇺🇸 Saracens · United States
1348
-17
🇨🇱 Slavs · Chile
1333
-16
🇨🇱 Bohemians · Chile
1254
-14
🇺🇸 Ethiopians · United States
1241
-13
帝国新手
8:07 Loom
10:21 Feudal Age
10:56 Double-Bit Axe
13:02 Bloodlines
16:07 Horse Collar
21:20 Castle Age
19:19 Gold Mining
19:56 Scale Barding Armor
20:37 Forging
21:33 Wheelbarrow
21:59 Bow Saw
23:12 Heavy Plow
24:25 Husbandry
25:08 Chain Barding Armor
27:28 Gold Shaft Mining
27:31 Iron Casting
27:37 Hand Cart
33:40 Imperial Age
33:18 Cavalier
34:35 Plate Barding Armor
35:51 Blast Furnace
36:43 Light Cavalry
37:26 Savar
39:12 Stone Mining
40:32 Crop Rotation
41:07 Town Watch
43:02 Scale Mail Armor
43:27 Conscription
45:10 Hussar
46:32 Squires
45:53 Pikeman
47:04 Chain Mail Armor
47:20 Halberdier
48:32 Plate Mail Armor
49:21 Town Patrol
53:00 Stone Shaft Mining
55:24 Two-Man Saw
kraquen
2:18 Loom
12:30 Feudal Age
UnHappy
6:26 Loom
9:20 Feudal Age
12:08 Fletching
12:09 Double-Bit Axe
22:05 Castle Age
21:10 Horse Collar
21:48 Gold Mining
22:36 Wheelbarrow
22:57 Bow Saw
22:09 Crossbowman
22:44 Bodkin Arrow
24:18 Padded Archer Armor
27:36 Thumb Ring
28:16 Stone Mining
30:47 Ballistics
31:52 Hand Cart
32:21 Leather Archer Armor
34:21 Heavy Plow
37:43 Imperial Age
36:07 Gold Shaft Mining
37:57 Onager
39:00 Conscription
38:01 Arbalester
38:46 Bracer
39:52 Chemistry
40:26 Two-Man Saw
39:30 Capped Ram
41:27 Siege Onager
42:46 Siege Engineers
43:29 Ring Archer Armor
42:56 Murder Holes
45:29 Guilds
45:14 Siege Ram
47:15 Scale Mail Armor
47:25 Forging
48:14 Chain Mail Armor
48:31 Coinage
49:23 Iron Casting
48:52 Torsion Engines
50:05 Stone Shaft Mining
52:13 Masonry
52:13 Fortified Wall
51:27 Elite Shotel Warrior
54:01 Banking
The Chinese are all stupid
6:35 Loom
9:12 Feudal Age
10:33 Double-Bit Axe
16:57 Scale Barding Armor
18:26 Bloodlines
22:52 Castle Age
23:35 Husbandry
23:57 Chain Barding Armor
24:58 Wheelbarrow
24:09 Town Watch
25:43 Light Cavalry
26:30 Horse Collar
31:36 Scale Mail Armor
32:06 Fletching
32:45 Bodkin Arrow
44:43 Hand Cart
48:02 Imperial Age
46:53 Bow Saw
47:22 Padded Archer Armor
48:22 Leather Archer Armor
48:12 Gold Mining
48:16 Stone Mining
48:50 Bracer
49:22 Parthian Tactics
48:38 Heavy Cavalry Archer
49:52 Recurve Bow
51:11 Gold Shaft Mining
51:10 Ring Archer Armor
51:14 Ballistics
51:58 Chemistry
55:50 Two-Man Saw
54:53 Heavy Plow
55:51 Capped Ram
IDWARE21
5:52 Loom
9:25 Feudal Age
10:32 Double-Bit Axe
12:31 Horse Collar
20:47 Castle Age
20:26 Scale Barding Armor
22:10 Bloodlines
29:17 Fletching
31:28 Stone Mining
32:33 Ballistics
31:59 Treadmill Crane
33:52 Husbandry
34:05 Forging
35:04 Wheelbarrow
35:07 Gold Mining
35:38 Guard Tower
36:39 Chain Barding Armor
38:45 Heavy Plow
38:59 Bow Saw
39:26 Gold Shaft Mining
39:47 Iron Casting
43:18 Imperial Age
40:52 Bodkin Arrow
40:58 Light Cavalry
43:27 Elite Mameluke
44:29 Conscription
44:46 Plate Barding Armor
45:11 Blast Furnace
46:07 Hand Cart
45:38 Town Watch
46:40 Hoardings
46:07 Bracer
47:10 Chemistry
46:06 Heavy Camel Rider
51:42 Murder Holes
52:22 Keep
51:35 Arrowslits
52:02 Fortified Wall
52:05 Masonry
52:01 Hussar
hungrybeastanimal
7:22 Loom
9:57 Feudal Age
10:25 Double-Bit Axe
14:30 Fletching
16:43 Horse Collar
19:01 Padded Archer Armor
19:50 Wheelbarrow
23:57 Castle Age
24:02 Crossbowman
24:37 Bodkin Arrow
24:51 Thumb Ring
24:58 Bow Saw
27:28 Ballistics
27:56 Leather Archer Armor
36:25 Scale Mail Armor
37:33 Chain Mail Armor
38:37 Squires
feto
6:17 Loom
9:06 Feudal Age
9:54 Double-Bit Axe
15:43 Forging
16:41 Scale Barding Armor
23:19 Castle Age
22:03 Bloodlines
22:14 Horse Collar
22:25 Gold Mining
23:36 Light Cavalry
24:34 Husbandry
26:04 Wheelbarrow
25:58 Fletching
26:45 Iron Casting
28:12 Bow Saw
31:32 Hand Cart
32:04 Chain Barding Armor
31:53 Heavy Plow
38:30 Town Watch
38:45 Stone Mining
46:06 Imperial Age
fat_dgk
10:08 Loom
12:17 Feudal Age
21:23 Castle Age
19:11 Double-Bit Axe
19:33 Horse Collar
22:53 Wheelbarrow
23:33 Fervor
23:44 Sanctity
23:52 Bow Saw
27:00 Hand Cart
29:35 Wagenburg Tactics
37:37 Imperial Age
39:31 Chemistry
38:13 Elite Hussite Wagon
39:43 Pikeman
40:23 Squires
40:58 Fletching
43:03 Siege Engineers
43:03 Bodkin Arrow
Connection lost

Rejoining the realm…

Still unreachable

The connection could not be restored.

Session expired

The server has moved on; the page needs a fresh start.